WCHLSIM.com - West Coast Hockey League
html PUBLIC "-//W3C//DTD XHTML 1.0 Transitional//EN" "http://www.w3.org/TR/xhtml1/DTD/xhtml1-transitional.dtd"> WCHL - Game 565 - SAN FRANCISCO SPIDERS vs EDMONTON ICE

SAN FRANCISCO SPIDERS vs EDMONTON ICE

Created - 2 janvier 2024 at 11:06

Goals
1 2 3 T
SAN FRANCISCO SPIDERS 0 1 1 2
EDMONTON ICE 1 2 1 4
Shots
1 2 3 T
SAN FRANCISCO SPIDERS 17 11 10 38
EDMONTON ICE 5 15 11 31

1st period

1. EDMONTON ICE , Alex Tuch 18 (Jack Eichel 24) at 0:18

Penalties :
Anthony Mantha (EDM) for Hooking (Minor) at 9:47, Andrei Svechnikov (SAF) for Hooking (Minor) at 14:15, Jarred Tinordi (EDM) for High sticking (Minor) at 17:27

2nd period

2. SAN FRANCISCO SPIDERS , Andrei Svechnikov 11 (Bo Horvat 29) at 6:10
3. EDMONTON ICE , Scott Laughton 17 (Evgeny Dadonov 11, Vitek Vanecek) at 15:33
4. EDMONTON ICE , Dawson Mercer 14 (Justin Barron 1, Ryan Graves 7) at 19:57

Penalties :
Kyle Palmieri (SAF) for Slashing (Minor) at 2:29, Thomas Novak (EDM) for Hooking (Minor) at 8:15

3rd period

5. SAN FRANCISCO SPIDERS , Darnell Nurse 6 (Jared McCann 17, Zach Hyman 23) at 8:05
6. EDMONTON ICE , Thomas Novak 11 (Evgeny Dadonov 12, Scott Laughton 23) at 18:41

Penalties :
Sean Durzi (SAF) for Slashing (Minor) at 0:36, Jared McCann (SAF) for Holding (Minor) at 8:40, Scott Laughton (EDM) for Hooking (Minor) at 9:17, Erik Gudbranson (SAF) for Holding (Minor) at 16:15

Goalie Stats

Igor Shesterkin (SAF), 27 saves from 31 shots - (0,871), L, 22-5-1, 60:00 minutes
Vitek Vanecek (EDM), 36 saves from 38 shots - (0,947), W, 24-7-4, 60:00 minutes

Players Stats for SAN FRANCISCO SPIDERS

Player Name              G  A  P  +/- PIM S  H  SB GA TA FO     MP     PP MP  PK MP  
------------------------------------------------------------------------------------
Andrei Svechnikov        1  0  1   0  2   6  3  0  0  0  0/3    17:34   4:18   0:00 
Bo Horvat                0  1  1   0  0   5  1  1  0  0  14/25  22:26   2:16   6:05 
Brenden Dillon           0  0  0  -2  0   1  4  4  0  0  0/0    20:55   3:48   3:38 
Dakota Joshua            0  0  0   0  0   1  0  0  0  0  3/3     6:16   0:00   0:00 
Darnell Nurse            1  0  1   0  0   4  0  3  0  0  0/0    25:43   3:48   5:11 
Eeli Tolvanen            0  0  0   0  0   1  0  0  0  0  0/0     6:16   0:00   0:00 
Erik Gudbranson          0  0  0  -2  2   0  0  0  0  0  0/0    10:50   0:00   0:00 
Jack Roslovic            0  0  0   0  0   2  0  0  0  0  1/1    15:45   0:00   2:28 
Jacob Middleton          0  0  0   0  0   0  2  1  0  0  0/0    19:01   0:00   4:55 
Jared McCann             0  1  1   0  2   4  1  0  0  0  0/2    16:45   4:18   0:00 
Kirby Dach               0  0  0  -2  0   1  2  1  0  0  4/9    11:30   0:00   0:00 
Kyle Palmieri            0  0  0  -2  2   1  0  0  0  0  2/3    11:29   0:00   0:00 
Michael Anderson         0  0  0   0  0   0  1  0  0  0  0/0    20:07   2:46   0:03 
Sean Durzi               0  0  0   0  2   2  0  0  0  0  0/0    23:22   2:46   3:19 
Sebastian Aho            0  0  0   0  0   3  1  0  0  0  19/29  19:48   4:18   2:28 
Trevor Moore             0  0  0   0  0   1  0  0  0  0  0/1     6:16   0:00   0:00 
Viktor Arvidsson         0  0  0  -2  0   0  2  0  0  0  0/1    14:20   2:16   0:00 
Zach Hyman               0  1  1   0  0   6  1  0  0  0  4/15   21:37   2:16   6:05 

Players Stats for EDMONTON ICE

Player Name              G  A  P  +/- PIM S  H  SB GA TA FO     MP     PP MP  PK MP  
------------------------------------------------------------------------------------
Alex Tuch                1  0  1   0  0   6  1  1  0  0  0/1    20:09   3:42   0:00 
Anthony Beauvillier      0  0  0   0  0   2  0  0  0  0  0/2    17:08   3:42   0:00 
Anthony Mantha           0  0  0   0  2   0  0  0  0  0  0/1     9:12   0:00   0:00 
Anton Lundell            0  0  0   0  0   0  0  0  0  0  5/12    9:01   0:00   4:48 
Austin Watson            0  0  0   0  0   0  0  0  0  0  0/0     0:00   0:00   0:00 
Dawson Mercer            1  0  1   0  0   4  0  0  0  0  8/21   14:30   4:51   0:00 
Evgeny Dadonov           0  2  2   2  0   1  0  1  0  0  1/1    16:20   0:00   1:46 
Gustav Nyquist           0  0  0   0  0   0  2  0  0  0  1/3    21:44   4:51   0:00 
Jack Eichel              0  1  1   0  0   5  0  2  0  0  18/27  20:09   3:42   0:00 
Jarred Tinordi           0  0  0   0  2   1  2  0  0  0  0/0    17:23   0:00   2:21 
Joshua Mahura            0  0  0   0  0   0  1  0  0  0  0/0    17:28   3:43   0:38 
Justin Barron            0  1  1   1  0   0  0  0  0  0  0/0    19:01   4:50   0:00 
Ryan Graves              0  1  1   1  0   1  1  3  0  0  0/0    23:01   3:43   3:35 
Scott Laughton           1  1  2   2  2   7  3  0  0  0  3/5    20:14   4:50   1:46 
Shea Theodore            0  0  0   1  0   1  0  0  0  0  0/0    23:41   4:50   3:15 
Tanner Jeannot           0  0  0   0  0   2  3  1  0  0  0/0     9:01   0:00   4:48 
Thomas Novak             1  0  1   2  2   1  2  0  0  0  9/19   14:33   0:00   0:00 
Zach Whitecloud          0  0  0   1  0   0  1  2  0  0  0/0    19:25   0:00   3:19 

3 Stars

1 - Scott Laughton (EDM)
2 - Vitek Vanecek (EDM)
3 - Evgeny Dadonov (EDM)

Power Play

SAN FRANCISCO SPIDERS - 0 on 4 Attempt(s) - 0,00%
EDMONTON ICE - 0 on 5 Attempt(s) - 0,00%

Penalty Kill

SAN FRANCISCO SPIDERS - 5 on 5 Attempt(s) - 100,00% - Score 0 goal in Penalty Kill
EDMONTON ICE - 4 on 4 Attempt(s) - 100,00% - Score 0 goal in Penalty Kill

Team Stat

SAN FRANCISCO SPIDERS - Hits : 18 - Faceoff Wins : 47 - Blocked Shots : 10 - Penalty Minutes : 10
EDMONTON ICE - Hits : 16 - Faceoff Wins : 45 - Blocked Shots : 10 - Penalty Minutes : 8

Official

Referees : Chris Schlenker and Francois St-Laurent
Linesman : Brent Hooks and Steven Berry

Game Notes

No Game Note

Finance

Level 1 -- Attendance: 4944 (82,40%) -- Ticket Income 1 038 240 $
Level 2 -- Attendance: 4081 (81,62%) -- Ticket Income 571 340 $
Level 3 -- Attendance: 1630 (81,50%) -- Ticket Income 179 300 $
Level 4 -- Attendance: 3356 (55,93%) -- Ticket Income 285 260 $
Luxury Box -- Attendance: 758 (75,80%) -- Ticket Income 284 250 $
Total Attendance: 14769 (73,85%)
Total Ticket Income: 2 358 390 $
Other Expense: 23 584 $
Total Income: 2 334 806 $

SAN FRANCISCO SPIDERS

5 vs 5 Forward 
   Center                   Left Wing                Right Wing               Time % Phy DF OF 
 1 Sebastian Aho            Jared McCann             Zach Hyman               38     0   1  4  
 2 Bo Horvat                Andrei Svechnikov        Jack Roslovic            37     0   1  4  
 3 Kirby Dach               Viktor Arvidsson         Kyle Palmieri            20     0   3  2  
 4 Dakota Joshua            Trevor Moore             Eeli Tolvanen            5      0   5  0  

5 vs 5 Defense 
   Defense                  Defense                                           Time % Phy DF OF 
 1 Darnell Nurse            Jacob Middleton                                   35     0   4  1  
 2 Michael Anderson         Sean Durzi                                        35     0   4  1  
 3 Erik Gudbranson          Brenden Dillon                                    20     0   4  1  
 4 Darnell Nurse            Brenden Dillon                                    10     0   4  1  

PowerPlay Forward 
   Center                   Left Wing                Right Wing               Time % Phy DF OF 
 1 Sebastian Aho            Andrei Svechnikov        Jared McCann             55     0   0  5  
 2 Bo Horvat                Zach Hyman               Viktor Arvidsson         45     0   0  5  

PowerPlay Defense
   Defense                  Defense                                           Time % Phy DF OF 
 1 Darnell Nurse            Brenden Dillon                                    55     0   1  4  
 2 Michael Anderson         Sean Durzi                                        45     0   1  4  

Penalty Kill 4 Players Forward 
   Center                   Wing                     Time % Phy DF OF 
 1 Zach Hyman               Bo Horvat                55     0   5  0  
 2 Sebastian Aho            Jack Roslovic            45     0   5  0  

Penalty Kill 4 Players Defense
   Defense                  Defense                  Time % Phy DF OF 
 1 Darnell Nurse            Brenden Dillon           55     0   5  0  
 2 Jacob Middleton          Sean Durzi               45     0   5  0  

Penalty Kill - 3 Players Forward 
   Forward                                           Time % Phy DF OF 
 1 Zach Hyman                                        55     0   5  0  
 2 Bo Horvat                                         45     0   5  0  

Penalty Kill - 3 Players Defense
   Defense                  Defense                  Time % Phy DF OF 
 1 Darnell Nurse            Brenden Dillon           55     0   5  0  
 2 Jacob Middleton          Sean Durzi               45     0   5  0  

4 vs 4 Forward 
   Center                   Wing                     Time % Phy DF OF 
 1 Zach Hyman               Bo Horvat                55     1   2  2  
 2 Sebastian Aho            Viktor Arvidsson         45     1   2  2  

4 vs 4 Defense
   Defense                  Defense                  Time % Phy DF OF 
 1 Darnell Nurse            Brenden Dillon           55     1   2  2  
 2 Michael Anderson         Sean Durzi               45     1   2  2  

Last Minutes Offensive
   Center                   Left Wing                Right Wing               Defense                  Defense                  
   Zach Hyman               Sebastian Aho            Viktor Arvidsson         Darnell Nurse            Brenden Dillon           

Last Minutes Defensive
   Center                   Left Wing                Right Wing               Defense                  Defense                  
   Zach Hyman               Sebastian Aho            Viktor Arvidsson         Darnell Nurse            Brenden Dillon           

Goaltenders
Starting : Igor Shesterkin          
Backup : Kevin Lankinen           

Extra Forwards
Normal : Dakota Joshua, Jared McCann, Zach Hyman - PP : Dakota Joshua, Jared McCann - PK : Zach Hyman
Extra Defensemen
Normal : Michael Anderson, Jacob Middleton, Brenden Dillon - PP : Michael Anderson - PK : Jacob Middleton, Darnell Nurse
Penalty Shots
Zach Hyman, Bo Horvat, Sebastian Aho, Viktor Arvidsson, Andrei Svechnikov
Custom OT Lines Forwards
Zach Hyman, Bo Horvat, Sebastian Aho, Viktor Arvidsson, Andrei Svechnikov, Jared McCann, Dakota Joshua, Kyle Palmieri, Kirby Dach, Eeli Tolvanen
Custom OT Lines Defensemen
Darnell Nurse, Brenden Dillon, Jacob Middleton, Sean Durzi, Michael Anderson

Scratches
None

EDMONTON ICE

5 vs 5 Forward 
   Center                   Left Wing                Right Wing               Time % Phy DF OF 
 1 Jack Eichel              Gustav Nyquist           Alex Tuch                36     0   2  3  
 2 Thomas Novak             Scott Laughton           Evgeny Dadonov           33     1   2  2  
 3 Dawson Mercer            Anthony Beauvillier      Anthony Mantha           24     1   3  1  
 4 Anton Lundell            Anthony Beauvillier      Tanner Jeannot           7      0   3  2  

5 vs 5 Defense 
   Defense                  Defense                                           Time % Phy DF OF 
 1 Shea Theodore            Zach Whitecloud                                   37     1   2  2  
 2 Justin Barron            Ryan Graves                                       32     0   3  2  
 3 Joshua Mahura            Jarred Tinordi                                    23     0   4  1  
 4 Ryan Graves              Jarred Tinordi                                    8      0   3  2  

PowerPlay Forward 
   Center                   Left Wing                Right Wing               Time % Phy DF OF 
 1 Jack Eichel              Anthony Beauvillier      Alex Tuch                60     1   2  2  
 2 Dawson Mercer            Scott Laughton           Gustav Nyquist           40     1   2  2  

PowerPlay Defense
   Defense                  Defense                                           Time % Phy DF OF 
 1 Shea Theodore            Justin Barron                                     60     0   2  3  
 2 Ryan Graves              Joshua Mahura                                     40     0   2  3  

Penalty Kill 4 Players Forward 
   Center                   Wing                     Time % Phy DF OF 
 1 Anton Lundell            Tanner Jeannot           60     0   5  0  
 2 Scott Laughton           Evgeny Dadonov           40     0   5  0  

Penalty Kill 4 Players Defense
   Defense                  Defense                  Time % Phy DF OF 
 1 Ryan Graves              Zach Whitecloud          60     0   5  0  
 2 Jarred Tinordi           Shea Theodore            40     0   5  0  

Penalty Kill - 3 Players Forward 
   Forward                                           Time % Phy DF OF 
 1 Anton Lundell                                     55     0   4  1  
 2 Thomas Novak                                      45     0   4  1  

Penalty Kill - 3 Players Defense
   Defense                  Defense                  Time % Phy DF OF 
 1 Zach Whitecloud          Ryan Graves              55     0   5  0  
 2 Shea Theodore            Jarred Tinordi           45     0   5  0  

4 vs 4 Forward 
   Center                   Wing                     Time % Phy DF OF 
 1 Dawson Mercer            Gustav Nyquist           55     1   2  2  
 2 Thomas Novak             Evgeny Dadonov           45     1   2  2  

4 vs 4 Defense
   Defense                  Defense                  Time % Phy DF OF 
 1 Shea Theodore            Joshua Mahura            55     1   2  2  
 2 Zach Whitecloud          Justin Barron            45     1   2  2  

Last Minutes Offensive
   Center                   Left Wing                Right Wing               Defense                  Defense                  
   Jack Eichel              Scott Laughton           Alex Tuch                Shea Theodore            Justin Barron            

Last Minutes Defensive
   Center                   Left Wing                Right Wing               Defense                  Defense                  
   Scott Laughton           Gustav Nyquist           Alex Tuch                Shea Theodore            Ryan Graves              

Goaltenders
Starting : Vitek Vanecek            
Backup : Jonathan Quick           

Extra Forwards
Normal : Dawson Mercer, Anthony Beauvillier, Anton Lundell - PP : Thomas Novak, Dawson Mercer - PK : Dawson Mercer
Extra Defensemen
Normal : Shea Theodore, Justin Barron, Ryan Graves - PP : Justin Barron - PK : Ryan Graves, Shea Theodore
Penalty Shots
Alex Tuch, Jack Eichel, Thomas Novak, Dawson Mercer, Gustav Nyquist
Custom OT Lines Forwards
Alex Tuch, Jack Eichel, Scott Laughton, Gustav Nyquist, Dawson Mercer, Thomas Novak, Anthony Beauvillier, Anton Lundell, Evgeny Dadonov, Anthony Mantha
Custom OT Lines Defensemen
Shea Theodore, Ryan Graves, Justin Barron, Zach Whitecloud, Jarred Tinordi

Scratches
Jonas Brodin (Strained Right Elbow Injury), Michael Matheson (Groin Injury)

% Time on Ice - SAN FRANCISCO SPIDERS

Lines # - Real PCT - Wanted PCT - Time Play
Normal Forward
1 - 29% - 38% - 12:28
2 - 31% - 37% - 13:17
3 - 26% - 20% - 11:30
4 - 14% - 5% - 6:16
Normal Defense
1 - 32% - 35% - 14:06
2 - 38% - 35% - 16:44
3 - 24% - 20% - 10:27
4 - 5% - 10% - 2:14
PP Forward
1 - 65% - 55% - 4:18
2 - 35% - 45% - 2:16
PP Defense
1 - 58% - 55% - 3:48
2 - 42% - 45% - 2:46
PK Forward
1 - 71% - 55% - 6:05
2 - 29% - 45% - 2:28
PK Defense
1 - 42% - 55% - 3:38
2 - 58% - 45% - 4:55
PK3 Forward
1 - 0% - 55%
2 - 0% - 45%
PK3 Defense
1 - 0% - 55%
2 - 0% - 45%
44 Forward
1 - 59% - 55% - 0:48
2 - 41% - 45% - 0:34
44 Defense
1 - 59% - 55% - 0:48
2 - 41% - 45% - 0:34
Last Minute Offensive  - 0:00
Last Minute Defensive  - 0:00
Total
Forward - 60:00
Defense - 60:00

% Time on Ice - EDMONTON ICE

Lines # - Real PCT - Wanted PCT - Time Play
Normal Forward
1 - 38% - 36% - 16:27
2 - 31% - 33% - 13:38
3 - 21% - 24% - 9:13
4 - 10% - 7% - 4:13
Normal Defense
1 - 35% - 37% - 15:10
2 - 31% - 32% - 13:18
3 - 27% - 23% - 11:56
4 - 7% - 8% - 3:07
PP Forward
1 - 43% - 60% - 3:42
2 - 57% - 40% - 4:51
PP Defense
1 - 57% - 60% - 4:50
2 - 43% - 40% - 3:43
PK Forward
1 - 73% - 60% - 4:48
2 - 27% - 40% - 1:46
PK Defense
1 - 51% - 60% - 3:19
2 - 49% - 40% - 3:15
PK3 Forward
1 - 0% - 55%
2 - 0% - 45%
PK3 Defense
1 - 0% - 55%
2 - 0% - 45%
44 Forward
1 - 32% - 55% - 0:26
2 - 68% - 45% - 0:56
44 Defense
1 - 32% - 55% - 0:26
2 - 68% - 45% - 0:56
Last Minute Offensive  - 0:00
Last Minute Defensive  - 0:00
Total
Forward - 60:00
Defense - 60:00

Play-by-Play

1st period


0:01 of 1st period - Jack Eichel wins face-off versus Sebastian Aho in neutral zone.
0:18 of 1st period - Shot by Jack Eichel.
0:18 of 1st period - Deflect By Alex Tuch.
0:18 of 1st period - Goal by Alex Tuch - SAN FRANCISCO SPIDERS : 0 - EDMONTON ICE : 1.
0:19 of 1st period - Thomas Novak wins face-off versus Andrei Svechnikov in neutral zone.
0:22 of 1st period - Jack Roslovic is hit by Scott Laughton and loses puck.
0:47 of 1st period - Shot by Jack Roslovic.
0:47 of 1st period - Stopped by Vitek Vanecek without a rebound.
0:48 of 1st period - Kirby Dach wins face-off versus Dawson Mercer in EDMONTON ICE zone.
0:58 of 1st period - Off-side.
0:59 of 1st period - Jack Eichel wins face-off versus Sebastian Aho in neutral zone.
1:04 of 1st period - Shot by Jack Eichel.
1:04 of 1st period - Shot Hit the Post.
1:27 of 1st period - Shot by Sebastian Aho.
1:27 of 1st period - Stopped by Vitek Vanecek without a rebound.
1:28 of 1st period - Kirby Dach wins face-off versus Anthony Mantha in EDMONTON ICE zone.
1:43 of 1st period - Shot by Viktor Arvidsson.
1:43 of 1st period - Shot Misses the Net.
1:55 of 1st period - Shot by Anthony Beauvillier.
1:55 of 1st period - Stopped by Igor Shesterkin without a rebound.
1:56 of 1st period - Thomas Novak wins face-off versus Bo Horvat in SAN FRANCISCO SPIDERS zone.
2:22 of 1st period - Off-side.
2:23 of 1st period - Dakota Joshua wins face-off versus Anton Lundell in neutral zone.
2:32 of 1st period - Shot by Eeli Tolvanen.
2:32 of 1st period - Shot Blocked by Zach Whitecloud.
3:36 of 1st period - Shot by Jack Eichel.
3:36 of 1st period - Stopped by Igor Shesterkin without a rebound.
3:37 of 1st period - Thomas Novak wins face-off versus Sebastian Aho in SAN FRANCISCO SPIDERS zone.
3:45 of 1st period - Thomas Novak is hit by Jacob Middleton and loses puck.
4:05 of 1st period - Off-side.
4:06 of 1st period - Bo Horvat wins face-off versus Jack Eichel in neutral zone.
4:56 of 1st period - Icing by Jarred Tinordi.
4:57 of 1st period - Jack Eichel wins face-off versus Sebastian Aho in EDMONTON ICE zone.
4:57 of 1st period - Jack Eichel is hit by Jared McCann.
5:17 of 1st period - Anthony Beauvillier is hit by Sebastian Aho and loses puck.
5:23 of 1st period - Off-side.
5:24 of 1st period - Thomas Novak wins face-off versus Kyle Palmieri in neutral zone.
5:29 of 1st period - Shot by Evgeny Dadonov.
5:29 of 1st period - Shot Misses the Net.
5:31 of 1st period - Shot by Scott Laughton.
5:31 of 1st period - Stopped by Igor Shesterkin without a rebound.
5:32 of 1st period - Kirby Dach wins face-off versus Dawson Mercer in SAN FRANCISCO SPIDERS zone.
6:02 of 1st period - Shot by Anthony Beauvillier.
6:02 of 1st period - Shot Blocked by Brenden Dillon.
6:08 of 1st period - Shot by Dawson Mercer.
6:08 of 1st period - Shot Misses the Net.
6:25 of 1st period - Scott Laughton is hit by Viktor Arvidsson and loses puck.
6:32 of 1st period - Darnell Nurse is hit by Thomas Novak.
6:36 of 1st period - Zach Whitecloud is hit by Kirby Dach.
7:42 of 1st period - Shot by Sebastian Aho.
7:42 of 1st period - Shot Misses the Net.
7:52 of 1st period - Shot by Sebastian Aho.
7:52 of 1st period - Shot Misses the Net.
8:30 of 1st period - Shot by Bo Horvat.
8:30 of 1st period - Stopped by Vitek Vanecek without a rebound.
8:31 of 1st period - Dakota Joshua wins face-off versus Dawson Mercer in EDMONTON ICE zone.
8:32 of 1st period - Shot by Trevor Moore.
8:32 of 1st period - Stopped by Vitek Vanecek with a rebound.
8:42 of 1st period - Shot by Trevor Moore.
8:42 of 1st period - Shot Misses the Net.
8:44 of 1st period - Shot by Eeli Tolvanen.
8:44 of 1st period - Shot Misses the Net.
8:54 of 1st period - Shot by Eeli Tolvanen.
8:54 of 1st period - Deflect By Trevor Moore.
8:54 of 1st period - Shot Misses the Net.
8:56 of 1st period - Shot by Dakota Joshua.
8:56 of 1st period - Stopped by Vitek Vanecek without a rebound.
8:57 of 1st period - Bo Horvat wins face-off versus Scott Laughton in EDMONTON ICE zone.
9:18 of 1st period - Shot by Bo Horvat.
9:18 of 1st period - Shot Misses the Net.
9:24 of 1st period - Shot by Jack Roslovic.
9:24 of 1st period - Shot Misses the Net.
9:26 of 1st period - Shot by Bo Horvat.
9:26 of 1st period - Shot Misses the Net.
9:28 of 1st period - Shot by Bo Horvat.
9:28 of 1st period - Stopped by Vitek Vanecek without a rebound.
9:29 of 1st period - Sebastian Aho wins face-off versus Dawson Mercer in EDMONTON ICE zone.
9:47 of 1st period - Minor Penalty to Anthony Mantha for Hooking.
9:48 of 1st period - Anton Lundell wins face-off versus Bo Horvat in EDMONTON ICE zone.
10:54 of 1st period - Shot by Darnell Nurse.
10:54 of 1st period - Shot Blocked by Evgeny Dadonov.
10:58 of 1st period - Shot by Jared McCann.
10:58 of 1st period - Stopped by Vitek Vanecek without a rebound.
10:59 of 1st period - Sebastian Aho wins face-off versus Anton Lundell in EDMONTON ICE zone.
11:21 of 1st period - Evgeny Dadonov is hit by Brenden Dillon and loses puck.
11:52 of 1st period - Michael Anderson is hit by Joshua Mahura and loses puck.
12:18 of 1st period - Shot by Gustav Nyquist.
12:18 of 1st period - Shot Misses the Net.
12:30 of 1st period - Viktor Arvidsson is hit by Alex Tuch and loses puck.
12:50 of 1st period - Icing by Gustav Nyquist.
12:51 of 1st period - Bo Horvat wins face-off versus Gustav Nyquist in EDMONTON ICE zone.
12:52 of 1st period - Shot by Jack Roslovic.
12:52 of 1st period - Shot Misses the Net.
12:54 of 1st period - Shot by Jack Roslovic.
12:54 of 1st period - Deflect By Andrei Svechnikov.
12:54 of 1st period - Shot Misses the Net.
13:04 of 1st period - Shot by Jack Roslovic.
13:04 of 1st period - Stopped by Vitek Vanecek without a rebound.
13:05 of 1st period - Sebastian Aho wins face-off versus Thomas Novak in EDMONTON ICE zone.
13:06 of 1st period - Shot by Zach Hyman.
13:06 of 1st period - Stopped by Vitek Vanecek without a rebound.
13:07 of 1st period - Sebastian Aho wins face-off versus Thomas Novak in EDMONTON ICE zone.
13:46 of 1st period - Shot by Zach Hyman.
13:46 of 1st period - Stopped by Vitek Vanecek without a rebound.
13:47 of 1st period - Bo Horvat wins face-off versus Anthony Beauvillier in EDMONTON ICE zone.
13:54 of 1st period - Shot by Bo Horvat.
13:54 of 1st period - Shot Misses the Net.
14:15 of 1st period - Minor Penalty to Andrei Svechnikov for Hooking.
14:16 of 1st period - Jack Eichel wins face-off versus Zach Hyman in SAN FRANCISCO SPIDERS zone.
14:36 of 1st period - Icing by Anthony Beauvillier.
14:37 of 1st period - Zach Hyman wins face-off versus Jack Eichel in EDMONTON ICE zone.
15:12 of 1st period - Icing by Shea Theodore.
15:13 of 1st period - Sebastian Aho wins face-off versus Jack Eichel in EDMONTON ICE zone.
16:40 of 1st period - Shot by Scott Laughton.
16:40 of 1st period - Stopped by Igor Shesterkin without a rebound.
16:41 of 1st period - Dakota Joshua wins face-off versus Anton Lundell in SAN FRANCISCO SPIDERS zone.
16:41 of 1st period - Dakota Joshua is hit by Tanner Jeannot.
16:51 of 1st period - Icing by Dakota Joshua.
16:52 of 1st period - Jack Eichel wins face-off versus Trevor Moore in SAN FRANCISCO SPIDERS zone.
17:01 of 1st period - Shot by Eeli Tolvanen.
17:01 of 1st period - Shot Blocked by Jack Eichel.
17:13 of 1st period - Shot by Eeli Tolvanen.
17:13 of 1st period - Shot Misses the Net.
17:23 of 1st period - Shot by Eeli Tolvanen.
17:23 of 1st period - Stopped by Vitek Vanecek without a rebound.
17:24 of 1st period - Sebastian Aho wins face-off versus Thomas Novak in EDMONTON ICE zone.
17:24 of 1st period - Sebastian Aho is hit by Jarred Tinordi.
17:27 of 1st period - Minor Penalty to Jarred Tinordi for High sticking.
17:28 of 1st period - Anton Lundell wins face-off versus Sebastian Aho in EDMONTON ICE zone.
17:48 of 1st period - Shot by Sebastian Aho.
17:48 of 1st period - Deflect By Andrei Svechnikov.
17:48 of 1st period - Shot Misses the Net.
17:50 of 1st period - Shot by Sean Durzi.
17:50 of 1st period - Shot Blocked by Zach Whitecloud.
17:52 of 1st period - Shot by Andrei Svechnikov.
17:52 of 1st period - Shot Misses the Net.
17:54 of 1st period - Shot by Sean Durzi.
17:54 of 1st period - Stopped by Vitek Vanecek without a rebound.
17:55 of 1st period - Bo Horvat wins face-off versus Anton Lundell in EDMONTON ICE zone.
18:04 of 1st period - Shot by Viktor Arvidsson.
18:04 of 1st period - Shot Blocked by Ryan Graves.
18:06 of 1st period - Shot by Zach Hyman.
18:06 of 1st period - Stopped by Vitek Vanecek without a rebound.
18:07 of 1st period - Sebastian Aho wins face-off versus Anton Lundell in EDMONTON ICE zone.
18:14 of 1st period - Shot by Jared McCann.
18:14 of 1st period - Shot Blocked by Tanner Jeannot.
18:44 of 1st period - Shot by Sebastian Aho.
18:44 of 1st period - Deflect By Andrei Svechnikov.
18:44 of 1st period - Stopped by Vitek Vanecek without a rebound.
18:45 of 1st period - Scott Laughton wins face-off versus Bo Horvat in EDMONTON ICE zone.
18:45 of 1st period - Scott Laughton is hit by Viktor Arvidsson.
18:59 of 1st period - Shot by Zach Hyman.
18:59 of 1st period - Shot Misses the Net.
19:01 of 1st period - Shot by Viktor Arvidsson.
19:01 of 1st period - Shot Hit the Post.
19:03 of 1st period - Shot by Sean Durzi.
19:03 of 1st period - Stopped by Vitek Vanecek without a rebound.
19:04 of 1st period - Sebastian Aho wins face-off versus Anton Lundell in EDMONTON ICE zone.
19:14 of 1st period - Shot by Darnell Nurse.
19:14 of 1st period - Shot Misses the Net.
19:16 of 1st period - Shot by Darnell Nurse.
19:16 of 1st period - Shot Misses the Net.
19:18 of 1st period - Shot by Jared McCann.
19:18 of 1st period - Shot Misses the Net.
19:20 of 1st period - Shot by Jared McCann.
19:20 of 1st period - Stopped by Vitek Vanecek with a rebound.
19:22 of 1st period - Shot by Brenden Dillon.
19:22 of 1st period - Stopped by Vitek Vanecek without a rebound.
19:23 of 1st period - Scott Laughton wins face-off versus Bo Horvat in EDMONTON ICE zone.
19:23 of 1st period - Scott Laughton is hit by Zach Hyman.
Goals for this period are 0 for SAN FRANCISCO SPIDERS vs 1 for EDMONTON ICE.
Shots for this period are 17 for SAN FRANCISCO SPIDERS vs 5 for EDMONTON ICE.

2nd period


0:01 of 2nd period - Bo Horvat wins face-off versus Thomas Novak in neutral zone.
0:14 of 2nd period - Shot by Andrei Svechnikov.
0:14 of 2nd period - Stopped by Vitek Vanecek without a rebound.
0:15 of 2nd period - Sebastian Aho wins face-off versus Alex Tuch in EDMONTON ICE zone.
0:37 of 2nd period - Shot by Zach Hyman.
0:37 of 2nd period - Stopped by Vitek Vanecek without a rebound.
0:38 of 2nd period - Bo Horvat wins face-off versus Thomas Novak in EDMONTON ICE zone.
0:47 of 2nd period - Shot by Bo Horvat.
0:47 of 2nd period - Shot Misses the Net.
0:49 of 2nd period - Shot by Darnell Nurse.
0:49 of 2nd period - Stopped by Vitek Vanecek without a rebound.
0:50 of 2nd period - Sebastian Aho wins face-off versus Jack Eichel in EDMONTON ICE zone.
1:27 of 2nd period - Shot by Jack Eichel.
1:27 of 2nd period - Stopped by Igor Shesterkin without a rebound.
1:28 of 2nd period - Thomas Novak wins face-off versus Bo Horvat in SAN FRANCISCO SPIDERS zone.
1:43 of 2nd period - Shot by Bo Horvat.
1:43 of 2nd period - Stopped by Vitek Vanecek without a rebound.
1:44 of 2nd period - Kirby Dach wins face-off versus Dawson Mercer in EDMONTON ICE zone.
2:29 of 2nd period - Minor Penalty to Kyle Palmieri for Slashing.
2:30 of 2nd period - Jack Eichel wins face-off versus Zach Hyman in SAN FRANCISCO SPIDERS zone.
2:35 of 2nd period - Shot by Jack Eichel.
2:35 of 2nd period - Shot Misses the Net.
2:37 of 2nd period - Shot by Jack Eichel.
2:37 of 2nd period - Stopped by Igor Shesterkin without a rebound.
2:38 of 2nd period - Dawson Mercer wins face-off versus Zach Hyman in SAN FRANCISCO SPIDERS zone.
2:41 of 2nd period - Shot by Shea Theodore.
2:41 of 2nd period - Stopped by Igor Shesterkin without a rebound.
2:42 of 2nd period - Dawson Mercer wins face-off versus Zach Hyman in SAN FRANCISCO SPIDERS zone.
3:50 of 2nd period - Off-side.
3:51 of 2nd period - Zach Hyman wins face-off versus Jack Eichel in neutral zone.
4:02 of 2nd period - Shot by Alex Tuch.
4:02 of 2nd period - Shot Misses the Net.
4:04 of 2nd period - Shot by Ryan Graves.
4:04 of 2nd period - Stopped by Igor Shesterkin with a rebound.
4:06 of 2nd period - Shot by Alex Tuch.
4:06 of 2nd period - Shot Misses the Net.
5:15 of 2nd period - Off-side.
5:16 of 2nd period - Jack Eichel wins face-off versus Bo Horvat in neutral zone.
5:31 of 2nd period - Shot by Andrei Svechnikov.
5:31 of 2nd period - Stopped by Vitek Vanecek without a rebound.
5:32 of 2nd period - Sebastian Aho wins face-off versus Dawson Mercer in EDMONTON ICE zone.
5:51 of 2nd period - Icing by Ryan Graves.
5:52 of 2nd period - Bo Horvat wins face-off versus Dawson Mercer in EDMONTON ICE zone.
5:56 of 2nd period - Icing by Ryan Graves.
5:57 of 2nd period - Bo Horvat wins face-off versus Dawson Mercer in EDMONTON ICE zone.
6:10 of 2nd period - Shot by Andrei Svechnikov.
6:10 of 2nd period - Goal by Andrei Svechnikov - SAN FRANCISCO SPIDERS : 1 - EDMONTON ICE : 1.
6:11 of 2nd period - Zach Hyman wins face-off versus Thomas Novak in neutral zone.
7:27 of 2nd period - Shot by Alex Tuch.
7:27 of 2nd period - Stopped by Igor Shesterkin without a rebound.
7:28 of 2nd period - Dawson Mercer wins face-off versus Bo Horvat in SAN FRANCISCO SPIDERS zone.
7:33 of 2nd period - Shot by Anthony Beauvillier.
7:33 of 2nd period - Stopped by Igor Shesterkin without a rebound.
7:34 of 2nd period - Bo Horvat wins face-off versus Dawson Mercer in SAN FRANCISCO SPIDERS zone.
7:41 of 2nd period - Shot by Andrei Svechnikov.
7:41 of 2nd period - Stopped by Vitek Vanecek without a rebound.
7:42 of 2nd period - Bo Horvat wins face-off versus Jack Eichel in EDMONTON ICE zone.
8:07 of 2nd period - Shot by Alex Tuch.
8:07 of 2nd period - Shot Misses the Net.
8:09 of 2nd period - Shot by Alex Tuch.
8:09 of 2nd period - Stopped by Igor Shesterkin without a rebound.
8:10 of 2nd period - Kyle Palmieri wins face-off versus Scott Laughton in SAN FRANCISCO SPIDERS zone.
8:10 of 2nd period - Kyle Palmieri is hit by Scott Laughton.
8:15 of 2nd period - Minor Penalty to Thomas Novak for Hooking.
8:16 of 2nd period - Anton Lundell wins face-off versus Bo Horvat in EDMONTON ICE zone.
8:45 of 2nd period - Shot by Bo Horvat.
8:45 of 2nd period - Stopped by Vitek Vanecek without a rebound.
8:46 of 2nd period - Sebastian Aho wins face-off versus Anton Lundell in EDMONTON ICE zone.
8:55 of 2nd period - Shot by Sebastian Aho.
8:55 of 2nd period - Shot Blocked by Ryan Graves.
9:11 of 2nd period - Shot by Sebastian Aho.
9:11 of 2nd period - Deflect By Andrei Svechnikov.
9:11 of 2nd period - Stopped by Vitek Vanecek with a rebound.
10:03 of 2nd period - Viktor Arvidsson is hit by Jarred Tinordi and loses puck.
10:28 of 2nd period - Dakota Joshua is hit by Gustav Nyquist and loses puck.
10:37 of 2nd period - Shot by Jack Eichel.
10:37 of 2nd period - Stopped by Igor Shesterkin with a rebound.
10:39 of 2nd period - Shot by Alex Tuch.
10:39 of 2nd period - Stopped by Igor Shesterkin without a rebound.
10:40 of 2nd period - Thomas Novak wins face-off versus Kirby Dach in SAN FRANCISCO SPIDERS zone.
10:51 of 2nd period - Shot by Scott Laughton.
10:51 of 2nd period - Stopped by Igor Shesterkin with a rebound.
11:29 of 2nd period - Kirby Dach is hit by Scott Laughton and loses puck.
12:05 of 2nd period - Icing by Jacob Middleton.
12:06 of 2nd period - Jack Eichel wins face-off versus Bo Horvat in SAN FRANCISCO SPIDERS zone.
12:16 of 2nd period - Bo Horvat is hit by Zach Whitecloud and loses puck.
12:29 of 2nd period - Shot by Bo Horvat.
12:29 of 2nd period - Stopped by Vitek Vanecek without a rebound.
12:30 of 2nd period - Dawson Mercer wins face-off versus Sebastian Aho in EDMONTON ICE zone.
12:37 of 2nd period - Shot by Anthony Beauvillier.
12:37 of 2nd period - Shot Misses the Net.
12:39 of 2nd period - Shot by Dawson Mercer.
12:39 of 2nd period - Stopped by Igor Shesterkin without a rebound.
12:40 of 2nd period - Jack Eichel wins face-off versus Jared McCann in SAN FRANCISCO SPIDERS zone.
12:43 of 2nd period - Shot by Jack Eichel.
12:43 of 2nd period - Deflect By Alex Tuch.
12:43 of 2nd period - Stopped by Igor Shesterkin without a rebound.
12:44 of 2nd period - Jack Roslovic wins face-off versus Gustav Nyquist in SAN FRANCISCO SPIDERS zone.
12:44 of 2nd period - Jack Roslovic is hit by Gustav Nyquist.
13:10 of 2nd period - Shot by Andrei Svechnikov.
13:10 of 2nd period - Shot Misses the Net.
15:33 of 2nd period - Shot by Scott Laughton.
15:33 of 2nd period - Goal by Scott Laughton - SAN FRANCISCO SPIDERS : 1 - EDMONTON ICE : 2.
15:34 of 2nd period - Jack Eichel wins face-off versus Bo Horvat in neutral zone.
16:01 of 2nd period - Shot by Andrei Svechnikov.
16:01 of 2nd period - Shot Blocked by Jack Eichel.
16:11 of 2nd period - Shot by Jack Eichel.
16:11 of 2nd period - Shot Misses the Net.
16:13 of 2nd period - Shot by Jack Eichel.
16:13 of 2nd period - Shot Misses the Net.
16:18 of 2nd period - Jack Eichel is hit by Jacob Middleton and loses puck.
16:32 of 2nd period - Icing by Justin Barron.
16:33 of 2nd period - Anton Lundell wins face-off versus Sebastian Aho in EDMONTON ICE zone.
17:29 of 2nd period - Tanner Jeannot is hit by Kirby Dach and loses puck.
17:42 of 2nd period - Shot by Kirby Dach.
17:42 of 2nd period - Stopped by Vitek Vanecek without a rebound.
17:43 of 2nd period - Evgeny Dadonov wins face-off versus Andrei Svechnikov in EDMONTON ICE zone.
18:04 of 2nd period - Shot by Scott Laughton.
18:04 of 2nd period - Shot Misses the Net.
18:06 of 2nd period - Shot by Scott Laughton.
18:06 of 2nd period - Deflect By Thomas Novak.
18:06 of 2nd period - Shot Hit the Post.
18:13 of 2nd period - Shot by Scott Laughton.
18:13 of 2nd period - Deflect By Thomas Novak.
18:13 of 2nd period - Shot Misses the Net.
18:46 of 2nd period - Off-side.
18:47 of 2nd period - Jack Eichel wins face-off versus Sebastian Aho in neutral zone.
18:54 of 2nd period - Shot by Jack Eichel.
18:54 of 2nd period - Stopped by Igor Shesterkin without a rebound.
18:55 of 2nd period - Zach Hyman wins face-off versus Jack Eichel in SAN FRANCISCO SPIDERS zone.
19:12 of 2nd period - Shot by Zach Hyman.
19:12 of 2nd period - Shot Misses the Net.
19:14 of 2nd period - Shot by Michael Anderson.
19:14 of 2nd period - Shot Misses the Net.
19:27 of 2nd period - Off-side.
19:28 of 2nd period - Dawson Mercer wins face-off versus Kirby Dach in neutral zone.
19:45 of 2nd period - Shot by Dawson Mercer.
19:45 of 2nd period - Deflect By Anthony Beauvillier.
19:45 of 2nd period - Shot Blocked by Kirby Dach.
19:47 of 2nd period - Shot by Dawson Mercer.
19:47 of 2nd period - Shot Misses the Net.
19:49 of 2nd period - Shot by Dawson Mercer.
19:49 of 2nd period - Shot Misses the Net.
19:51 of 2nd period - Shot by Justin Barron.
19:51 of 2nd period - Shot Misses the Net.
19:53 of 2nd period - Shot by Ryan Graves.
19:53 of 2nd period - Shot Blocked by Brenden Dillon.
19:57 of 2nd period - Shot by Dawson Mercer.
19:57 of 2nd period - Goal by Dawson Mercer - SAN FRANCISCO SPIDERS : 1 - EDMONTON ICE : 3.
19:58 of 2nd period - Sebastian Aho wins face-off versus Thomas Novak in neutral zone.
Goals for this period are 1 for SAN FRANCISCO SPIDERS vs 2 for EDMONTON ICE.
Shots for this period are 11 for SAN FRANCISCO SPIDERS vs 15 for EDMONTON ICE.

3rd period


0:01 of 3rd period - Sebastian Aho wins face-off versus Thomas Novak in neutral zone.
0:06 of 3rd period - Shot by Zach Hyman.
0:06 of 3rd period - Stopped by Vitek Vanecek with a rebound.
0:08 of 3rd period - Shot by Jared McCann.
0:08 of 3rd period - Stopped by Vitek Vanecek with a rebound.
0:10 of 3rd period - Shot by Sebastian Aho.
0:10 of 3rd period - Stopped by Vitek Vanecek with a rebound.
0:12 of 3rd period - Shot by Darnell Nurse.
0:12 of 3rd period - Stopped by Vitek Vanecek without a rebound.
0:13 of 3rd period - Jack Eichel wins face-off versus Andrei Svechnikov in EDMONTON ICE zone.
0:13 of 3rd period - Gustav Nyquist is hit by Andrei Svechnikov.
0:36 of 3rd period - Minor Penalty to Sean Durzi for Slashing.
0:37 of 3rd period - Scott Laughton wins face-off versus Zach Hyman in SAN FRANCISCO SPIDERS zone.
0:42 of 3rd period - Shot by Gustav Nyquist.
0:42 of 3rd period - Shot Misses the Net.
0:44 of 3rd period - Shot by Shea Theodore.
0:44 of 3rd period - Shot Blocked by Brenden Dillon.
0:46 of 3rd period - Shot by Shea Theodore.
0:46 of 3rd period - Shot Blocked by Bo Horvat.
0:48 of 3rd period - Shot by Dawson Mercer.
0:48 of 3rd period - Stopped by Igor Shesterkin without a rebound.
0:49 of 3rd period - Jack Eichel wins face-off versus Zach Hyman in SAN FRANCISCO SPIDERS zone.
2:47 of 3rd period - Shot by Kyle Palmieri.
2:47 of 3rd period - Deflect By Kirby Dach.
2:47 of 3rd period - Shot Blocked by Ryan Graves.
4:18 of 3rd period - Off-side.
4:19 of 3rd period - Jack Eichel wins face-off versus Zach Hyman in neutral zone.
5:03 of 3rd period - Icing by Joshua Mahura.
5:04 of 3rd period - Jack Eichel wins face-off versus Kirby Dach in EDMONTON ICE zone.
5:23 of 3rd period - Shot by Viktor Arvidsson.
5:23 of 3rd period - Shot Misses the Net.
5:25 of 3rd period - Shot by Kirby Dach.
5:25 of 3rd period - Shot Misses the Net.
5:33 of 3rd period - Shot by Kirby Dach.
5:33 of 3rd period - Shot Hit the Post.
5:35 of 3rd period - Shot by Darnell Nurse.
5:35 of 3rd period - Stopped by Vitek Vanecek without a rebound.
5:36 of 3rd period - Thomas Novak wins face-off versus Bo Horvat in EDMONTON ICE zone.
5:36 of 3rd period - Thomas Novak is hit by Andrei Svechnikov.
6:37 of 3rd period - Shot by Dawson Mercer.
6:37 of 3rd period - Stopped by Igor Shesterkin with a rebound.
6:39 of 3rd period - Shot by Dawson Mercer.
6:39 of 3rd period - Shot Blocked by Brenden Dillon.
6:41 of 3rd period - Shot by Anthony Beauvillier.
6:41 of 3rd period - Shot Misses the Net.
6:43 of 3rd period - Shot by Dawson Mercer.
6:43 of 3rd period - Shot Misses the Net.
7:35 of 3rd period - Shot by Jared McCann.
7:35 of 3rd period - Stopped by Vitek Vanecek without a rebound.
7:36 of 3rd period - Jack Eichel wins face-off versus Viktor Arvidsson in EDMONTON ICE zone.
7:40 of 3rd period - Off-side.
7:41 of 3rd period - Kyle Palmieri wins face-off versus Thomas Novak in neutral zone.
7:55 of 3rd period - Shot by Viktor Arvidsson.
7:55 of 3rd period - Deflect By Kyle Palmieri.
7:55 of 3rd period - Stopped by Vitek Vanecek without a rebound.
7:56 of 3rd period - Sebastian Aho wins face-off versus Jack Eichel in EDMONTON ICE zone.
8:01 of 3rd period - Shot by Sebastian Aho.
8:01 of 3rd period - Deflect By Zach Hyman.
8:01 of 3rd period - Stopped by Vitek Vanecek with a rebound.
8:03 of 3rd period - Shot by Jared McCann.
8:03 of 3rd period - Shot Misses the Net.
8:05 of 3rd period - Shot by Darnell Nurse.
8:05 of 3rd period - Goal by Darnell Nurse - SAN FRANCISCO SPIDERS : 2 - EDMONTON ICE : 3.
8:06 of 3rd period - Sebastian Aho wins face-off versus Thomas Novak in neutral zone.
8:11 of 3rd period - Shot by Sebastian Aho.
8:11 of 3rd period - Stopped by Vitek Vanecek without a rebound.
8:12 of 3rd period - Jack Eichel wins face-off versus Sebastian Aho in EDMONTON ICE zone.
8:40 of 3rd period - Minor Penalty to Jared McCann for Holding.
8:41 of 3rd period - Bo Horvat wins face-off versus Dawson Mercer in SAN FRANCISCO SPIDERS zone.
9:07 of 3rd period - Icing by Ryan Graves.
9:08 of 3rd period - Sebastian Aho wins face-off versus Dawson Mercer in EDMONTON ICE zone.
9:08 of 3rd period - Sebastian Aho is hit by Ryan Graves.
9:17 of 3rd period - Minor Penalty to Scott Laughton for Hooking.
9:18 of 3rd period - Thomas Novak wins face-off versus Zach Hyman in EDMONTON ICE zone.
9:18 of 3rd period - Thomas Novak is hit by Bo Horvat.
9:51 of 3rd period - Shot by Evgeny Dadonov.
9:51 of 3rd period - Shot Misses the Net.
10:16 of 3rd period - Icing by Michael Anderson.
10:17 of 3rd period - Sebastian Aho wins face-off versus Dawson Mercer in SAN FRANCISCO SPIDERS zone.
10:21 of 3rd period - Off-side.
10:22 of 3rd period - Dawson Mercer wins face-off versus Sebastian Aho in neutral zone.
11:25 of 3rd period - Shot by Viktor Arvidsson.
11:25 of 3rd period - Shot Blocked by Alex Tuch.
11:53 of 3rd period - Shot by Alex Tuch.
11:53 of 3rd period - Shot Misses the Net.
12:31 of 3rd period - Jacob Middleton is hit by Thomas Novak and loses puck.
12:53 of 3rd period - Shot by Evgeny Dadonov.
12:53 of 3rd period - Stopped by Igor Shesterkin with a rebound.
12:55 of 3rd period - Shot by Jarred Tinordi.
12:55 of 3rd period - Stopped by Igor Shesterkin with a rebound.
13:20 of 3rd period - Shot by Anthony Beauvillier.
13:20 of 3rd period - Shot Blocked by Darnell Nurse.
13:22 of 3rd period - Shot by Dawson Mercer.
13:22 of 3rd period - Shot Blocked by Jacob Middleton.
13:24 of 3rd period - Shot by Shea Theodore.
13:24 of 3rd period - Shot Blocked by Darnell Nurse.
13:38 of 3rd period - Shot by Dawson Mercer.
13:38 of 3rd period - Shot Misses the Net.
14:57 of 3rd period - Shot by Scott Laughton.
14:57 of 3rd period - Shot Misses the Net.
15:02 of 3rd period - Evgeny Dadonov is hit by Michael Anderson and loses puck.
15:13 of 3rd period - Shot by Thomas Novak.
15:13 of 3rd period - Deflect By Evgeny Dadonov.
15:13 of 3rd period - Shot Misses the Net.
15:25 of 3rd period - Shot by Thomas Novak.
15:25 of 3rd period - Shot Misses the Net.
15:42 of 3rd period - Eeli Tolvanen is hit by Tanner Jeannot and loses puck.
16:14 of 3rd period - Icing by Viktor Arvidsson.
16:15 of 3rd period - Jack Eichel wins face-off versus Kirby Dach in SAN FRANCISCO SPIDERS zone.
16:15 of 3rd period - Minor Penalty to Erik Gudbranson for Holding.
16:16 of 3rd period - Dawson Mercer wins face-off versus Zach Hyman in SAN FRANCISCO SPIDERS zone.
16:19 of 3rd period - Shot by Scott Laughton.
16:19 of 3rd period - Stopped by Igor Shesterkin without a rebound.
16:20 of 3rd period - Dawson Mercer wins face-off versus Zach Hyman in SAN FRANCISCO SPIDERS zone.
16:20 of 3rd period - Dawson Mercer is hit by Brenden Dillon.
16:23 of 3rd period - Scott Laughton is hit by Brenden Dillon and loses puck.
16:43 of 3rd period - Gustav Nyquist is hit by Brenden Dillon.
16:51 of 3rd period - Shot by Dawson Mercer.
16:51 of 3rd period - Deflect By Gustav Nyquist.
16:51 of 3rd period - Shot Blocked by Darnell Nurse.
16:53 of 3rd period - Shot by Scott Laughton.
16:53 of 3rd period - Stopped by Igor Shesterkin with a rebound.
17:11 of 3rd period - Shot by Alex Tuch.
17:11 of 3rd period - Shot Misses the Net.
17:22 of 3rd period - Icing by Justin Barron.
17:23 of 3rd period - Bo Horvat wins face-off versus Anthony Beauvillier in EDMONTON ICE zone.
17:36 of 3rd period - Shot by Alex Tuch.
17:36 of 3rd period - Stopped by Igor Shesterkin without a rebound.
17:37 of 3rd period - Gustav Nyquist wins face-off versus Zach Hyman in SAN FRANCISCO SPIDERS zone.
18:26 of 3rd period - Shot by Tanner Jeannot.
18:26 of 3rd period - Stopped by Igor Shesterkin with a rebound.
18:31 of 3rd period - Icing by Brenden Dillon.
18:32 of 3rd period - Thomas Novak wins face-off versus Kirby Dach in SAN FRANCISCO SPIDERS zone.
18:41 of 3rd period - Shot by Thomas Novak.
18:41 of 3rd period - Goal by Thomas Novak - SAN FRANCISCO SPIDERS : 2 - EDMONTON ICE : 4.
18:42 of 3rd period - Anton Lundell wins face-off versus Jared McCann in neutral zone.
18:47 of 3rd period - Darnell Nurse is hit by Tanner Jeannot and loses puck.
18:56 of 3rd period - Shot by Tanner Jeannot.
18:56 of 3rd period - Stopped by Igor Shesterkin without a rebound.
18:57 of 3rd period - Bo Horvat wins face-off versus Jack Eichel in SAN FRANCISCO SPIDERS zone.
19:26 of 3rd period - Alex Tuch is hit by Andrei Svechnikov and loses puck.
19:57 of 3rd period - Shot by Scott Laughton.
19:57 of 3rd period - Stopped by Igor Shesterkin without a rebound.
19:58 of 3rd period - Sebastian Aho wins face-off versus Dawson Mercer in SAN FRANCISCO SPIDERS zone.
Goals for this period are 1 for SAN FRANCISCO SPIDERS vs 1 for EDMONTON ICE.
Shots for this period are 10 for SAN FRANCISCO SPIDERS vs 11 for EDMONTON ICE.


BLAKE
WHEELER
STEVEN
STAMKOS
DREW
DOUGHTY

EAST COAST

HOCKEY LEAGUE

  • 63.RHI2PIT5
  • 64.WOR4ATL3
  • 65.QUECHW
  • 66.CHATRV